 Dungeon Crawl Stone Soup version 0.31-a0-965-g8a8ce12e04 (webtiles) character file.

Game seed: 10035589996764022069

91 Gladio the Trooper (level 4, -3/36 HPs)
             Began as a Demonspawn Fighter on Oct 26, 2023.
             Killed by divine providence
             ... invoked by an orc priest
              (15 damage)
             ... on level 3 of the Dungeon.
             The game lasted 00:02:55 (1691 turns).

Gladio the Trooper (Demonspawn Fighter)             Turns: 1691, Time: 00:02:55

Health: -3/36      AC:  6    Str: 18    XL:     4   Next: 34%
Magic:  4/4        EV:  9    Int: 10    God:
Gold:   41         SH:  4    Dex: 12    Spells: 3/3 levels left

rFire   . .          .
                       - Unarmed
rCold   . . .        c - +0 buckler
rNeg    . . .        b - +0 scale mail
rPois   .            (helmet restricted)
rElec   .            (no cloak)
rCorr   .            (no gloves)
SInv    .            (no boots)
Will    .....        (no amulet) Stlth
                     (no ring)
HPRegen 0.26/turn    (no ring)
MPRegen 0.18/turn

%: no passive effects
@: no status effects
A: antennae 1, claws 1, magic regeneration
a: no special abilities


You were on level 3 of the Dungeon.
You visited 1 branch of the dungeon, and saw 3 of its levels.

You collected 41 gold pieces.

Inventory:

Hand Weapons
 a - a +0 war axe
Missiles
 l - 5 poisoned darts (quivered)
Armour
 b - a +0 scale mail (worn)
 c - a +0 buckler (worn)
Jewellery
 i - a ring of resist corrosion
Scrolls
 g - 2 scrolls of enchant weapon
 j - a scroll of identify
Potions
 d - a potion of might
 e - a potion of brilliance {unknown}
 f - a potion of degeneration {unknown}
 m - 2 potions of heal wounds {unknown}


   Skills:
 + Level 3.6 Fighting
 - Level 2.2 Axes
 + Level 3.2 Armour
 - Level 2.6 Shields
 * Level 2.1 Unarmed Combat


You had 3 spell levels left.
You didn't know any spells.
Your spell library contained the following spells:

 Spells                   Type           Power      Damage    Failure   Level
 Foxfire                  Conj/Fire      0%         2x1d4     83%         1
 Plasma Beam              Fire/Air       0%         2x1d10    100%        6
 Starburst                Conj/Fire      0%         6d3       100%        6


Dungeon Overview and Level Annotations

Branches:
Dungeon (3/15)

Altars:
Hepliaklqana


Innate Abilities, Weirdness & Mutations

You have a pair of small antennae on your head.
You have sharp fingernails.
You regenerate magic rapidly.


Message History

An orc is nearby!
A frilled lizard comes into view.
The frilled lizard hisses angrily.
You hear a shout!
An orc priest comes into view. It is wielding a +0 whip.
You see here a scroll labelled GAIPAPH QEKIL.
An orc priest comes into view. It is wielding a +0 club.
The orc priest shouts! x2; You hear a shout!
The orc priest invokes the aid of Beogh against you.
Beogh smites you!
The orc priest calls down the wrath of Beogh upon you.
Beogh smites you! The orc closely misses you.
You are too injured to fight recklessly!
You are too injured to fight recklessly!
You are too injured to fight recklessly!
You are too injured to fight recklessly!
You are too injured to fight recklessly!
You are too injured to fight recklessly!
You are too injured to fight recklessly!
You are too injured to fight recklessly!
You are too injured to fight recklessly!
You are too injured to fight recklessly!
You are too injured to fight recklessly!
You are too injured to fight recklessly!
Unknown command.
Sorry, you're not good enough to have a special ability.
As you read the scroll labelled LEAHEH WAEPHAT, it crumbles to dust.
It is a scroll of identify.
g - 2 scrolls of enchant weapon The orc closely misses you.
An orc comes into view. It is wielding a +0 hand axe.
As you read the scroll labelled KIRODY JYSHROU, it crumbles to dust.
You hear a loud clanging noise!
It was a scroll of noise.
You block the frilled lizard's attack.
Unknown command.
This is a scroll of acquirement!
Something appears at your feet!
The frilled lizard bites you but does no damage.
The orc priest mumbles some strange prayers to Beogh against you.
Beogh smites you!
You die...

#####...... #..........
. ## #.......... .. ..
#........##. .#
#.......... .#
#........########.####.#
#....##>........olooo...
..)...........?.@.#
#....##.###########
#....##.# #.. .#
#....##.# #.# .#
#######.# #.####.# #..
... ...#
############.###..#
####... ........#....#
#.....# #..###..#....#


You could see 2 orc priests, 2 orcs and a frilled lizard.

Vanquished Creatures
  4 adders
  2 dart slugs (D:1)
  2 orcs (D:3)
  A ball python (D:1)
  6 endoplasms
  5 goblins
  4 hobgoblins
  10 jackals (D:2)
  2 kobolds
  4 bats
  A frilled lizard (D:2)
  2 rats (D:3)
43 creatures vanquished.

Notes
Turn   | Place    | Note
-------+----------+-------------------------------------------
     0 | D:1      | Gladio the Demonspawn Fighter began the quest for the Orb.
     0 | D:1      | Reached XP level 1. HP: 18/18 MP: 1/1
   122 | D:1      | Discovered your monstrous ancestry.
   122 | D:1      | Gained mutation: You have sharp fingernails. [demonic
                  | ancestry]
   122 | D:1      | Reached XP level 2. HP: 24/24 MP: 2/2
   593 | D:2      | Reached skill level 1 in Unarmed Combat
   598 | D:2      | Gained mutation: You have a pair of small antennae on your
                  | head. [demonic ancestry]
   598 | D:2      | Reached XP level 3. HP: 29/29 MP: 3/3
  1384 | D:2      | Gained mutation: You regenerate magic rapidly. [demonic
                  | ancestry]
  1384 | D:2      | Reached XP level 4. HP: 35/35 MP: 4/4
  1474 | D:3      | Found a hazy altar of Hepliaklqana.
  1691 | D:3      | Identified a scroll of acquirement
  1691 | D:3      | Acquired 477 gold pieces
  1691 | D:3      | Killed from afar by an orc priest

Illustrated notes

Levels and vault maps discovered:
D:1:      mrwooster_arrival_statue, layout_basic
D:2:      layout_basic
D:3:      layout_basic, dreamdust_divine_triumvirate,
          mainiacjoe_overflow_cross_hatched

Skill      XL: |  1  2  3  4 |
---------------+-------------+-----
Axes           | 2 |  2.2
Armour         | 3 |  3.2
Unarmed Combat | 1 2 |  2.1
Fighting       | |  3.6
Shields        | |  2.6

Action                     |  1- 3 |  4- 6 || total
---------------------------+-------+-------++-------
  Melee: War axe           |    17 |       ||    17
         Unarmed           |   122 |    32 ||   154
    Use: Scroll            |       |     3 ||     3
 Armour: Scale mail        |    74 |    24 ||    98
  Dodge: Dodged            |    49 |    14 ||    63
  Block: Buckler           |    27 |     7 ||    34

Table legend: (Time is in decaauts)
 A = Elapsed time spent in this place.
 B = Non-inter-level travel time spent in this place.
 C = Inter-level travel time spent in this place.
 D = Time resting spent in this place.
 E = Time spent auto-exploring this place.
 F = Levels seen in this place.
 G = Mean time per level.
                   A        B        C        D        E       F      G
               +--------+--------+--------+--------+--------+-----+--------+
         Total |   1699 |   1629 |     70 |      0 |   1314 |   3 |  566.3 |
       Dungeon |   1699 |   1629 |     70 |      0 |   1314 |   3 |  566.3 |
               +--------+--------+--------+--------+--------+-----+--------+

Top non-repeatable levels by time:
     D:2: 952 daAuts
     D:1: 484 daAuts
     D:3: 261 daAuts
